 Dungeon Crawl Stone Soup version 0.22.0-32-gbc6daba (webtiles) character file.

1458 Lew the Sneak (level 8, -6/52 HPs)
             Began as a Gargoyle Fighter on Aug 23, 2018.
             Was a Follower of Ashenzari.
             Mangled by an orc warrior
             ... wielding a +0 battleaxe
              (13 damage)
             ... while paralysed by Grinder
             ... on level 6 of the Dungeon.
             The game lasted 00:15:43 (5547 turns).

Lew the Sneak (Gargoyle Fighter)                    Turns: 5547, Time: 00:15:44

Health: -6/52      AC: 12    Str: 20 (21) XL:     8   Next: 76%
Magic:  9/9        EV:  2    Int:  8 (9)  God:    Ashenzari [*.....]
Gold:   221        SH:  0    Dex:  9 (10) Spells: 7/7 levels left

rFire    . . .     SeeInvis .   a - +1 war axe
rCold    . . .     Gourm    .   c - +1 shield (curse)
rNeg     + . .     Faith    .   b - +0 scale mail
rPois    ∞         Spirit   .   (no helmet)
rElec    +         Reflect  +   (no cloak)
rCorr    .         Harm     .   (no gloves)
MR       .....                  (no boots)
Stlth    ++........             t - +5 amulet of reflection (curse)
HPRegen  0.17/turn              (no ring)
MPRegen  0.11/turn              (no ring)

@: paralysed
A: negative energy resistance 1, electricity resistance, unbreathing,
petrification resistance, rot immunity, AC +5
a: Curse Item, Scrying, Renounce Religion


You were on level 6 of the Dungeon.
You worshipped Ashenzari.
Ashenzari was aware of your devotion.
You were hungry.

You visited 1 branch of the dungeon, and saw 6 of its levels.

You collected 221 gold pieces.

Inventory:

Hand Weapons
 a - a +1 war axe (weapon)
Armour
 b - a +0 scale mail (worn)
 c - a cursed +1 shield (worn)
Jewellery
 q - the amulet "Xagonuogh" {-Tele +Rage rElec Str+2}
   (You took it off a gnoll on level 4 of the Dungeon)

   [amulet of rage]

   It affects your strength (+2).
   It insulates you from electricity.
   It lets you go berserk.
   It prevents most forms of teleportation.
 r - an uncursed amulet of the gourmand
 t - a cursed +5 amulet of reflection (around neck)
Wands
 i - a wand of clouds (4)
 l - a wand of iceblast (4)
 m - a wand of random effects (27)
Scrolls
 e - a scroll of fear
 h - a scroll of remove curse
 j - a scroll of blinking
 n - a scroll of magic mapping
 p - 4 scrolls of amnesia
 w - a scroll of identify {unknown}
 x - a scroll of teleportation
Potions
 d - 3 potions of might
 g - a potion of degeneration
 k - a potion of agility
 o - 3 potions of flight {unknown}
 s - a potion of ambrosia {unknown}
 u - 2 potions of lignification {unknown}
 v - a potion of haste {unknown}
Comestibles
 f - 7 rations


   Skills:
 + Level 6.3 Fighting
 * Level 5.1 Axes
 + Level 4.7 Armour
 + Level 6.7 Stealth
 + Level 4.7 Shields
 * Level 1.8 Evocations


You had 7 spell levels left.
You didn't know any spells.
Your spell library was empty.

Dungeon Overview and Level Annotations

Branches:
Dungeon (6/15)
 Temple: D:4-7

Altars:
Ashenzari
Elyvilon
Fedhas
Makhleb
Sif Muna
Yredelemnul

Annotations:
D:6 Grinder, Prince Ribbit


Innate Abilities, Weirdness & Mutations

You are resistant to torment.
Your stone body is resilient. (AC +5)
You are immune to poison.
You resist negative energy. (rN+)
You are resistant to electric shocks. (rElec)
You can survive without breathing.
You are immune to petrification.
You are immune to rotting.


Message History

Ashenzari warns you: It is wielding a dagger of draining.
The orc hits you but does no damage.
Prince Ribbit lets out a mournful croak.
Prince Ribbit blinks!
The iguana bites you but does no damage.
Grinder blinks!
The adder bites you but does no damage. The orc warrior barely misses you.
The ball python hisses angrily.
The bullfrog zombie hits you.
* * * LOW HITPOINT WARNING * * *
Prince Ribbit blinks!
A shadow comes into view.
The orc hits you but does no damage. The adder bites you.
* * * LOW HITPOINT WARNING * * *
The iguana bites you but does no damage.
The bullfrog zombie hits you but does no damage.
The ogre hits you with a giant spiked club.
* * * LOW HITPOINT WARNING * * *
The orc warrior hits you with a battleaxe!
You die...

............#
$...........#..
#............#
#......###$#
#...#$.S...#
##.<#...# .##
#......#
.....#Z#S...#..$
.._....@os.....#
......Ool..###=#
.......t.....W.#
........<...#...
.......$....# ##
............#
..§.F........
...?...=......


You could see Prince Ribbit, an orc warrior, a crocodile, an ogre, a shadow
(wandering), a scorpion, an iguana, an adder, an orc, a bullfrog zombie and a
ball python.

Vanquished Creatures
  A sky beast (D:5)
  4 ogres
  A centaur (D:5)
  2 scorpions
  A crimson imp (D:5)
  A bullfrog zombie (D:5)
  2 hounds (D:4)
  4 orc wizards (D:4)
  Jessica (D:3)
  4 worker ants
  31 gnolls (D:4)
  3 adders
  An ooze (D:3)
  3 worms
  2 dart slugs
  3 leopard geckos
  15 orcs
  11 bats
  2 giant cockroaches (D:3)
  6 hobgoblins
  27 jackals
  9 kobolds
  6 quokkas
  4 ball pythons
  9 frilled lizards
  7 goblins
  A leopard gecko skeleton (D:4)
  A quokka skeleton (D:4)
  8 rats
170 creatures vanquished.

Notes
Turn   | Place    | Note
-------+----------+-------------------------------------------
     0 | D:1      | Lew the Gargoyle Fighter began the quest for the Orb.
     0 | D:1      | Reached XP level 1. HP: 14/14 MP: 1/1
   166 | D:1      | Reached skill level 1 in Stealth
   195 | D:1      | Reached XP level 2. HP: 18/19 MP: 2/2
   797 | D:2      | Reached XP level 3. HP: 22/23 MP: 3/3
   858 | D:2      | Reached XP level 4. HP: 20/29 MP: 4/4
  1590 | D:3      | Noticed an ogre
  1597 | D:3      | Killed an ogre
  1597 | D:3      | Reached XP level 5. HP: 12/34 MP: 5/5
  1861 | D:3      | Noticed Jessica
  1863 | D:3      | Killed Jessica
  1870 | D:3      | Found a deep blue altar of Sif Muna.
  1956 | D:3      | Reached XP level 6. HP: 39/39 MP: 6/6
  2060 | D:3      | Found a white marble altar of Elyvilon.
  2389 | D:4      | Reached skill level 5 in Stealth
  2429 | D:4      | Reached skill level 5 in Fighting
  2440 | D:4      | Reached XP level 7. HP: 30/44 MP: 7/7
  2865 | D:4      | Got a vibrating brass amulet
  3532 | D:4      | Reached XP level 8. HP: 44/51 MP: 8/8
  4389 | D:4      | Found a shattered altar of Ashenzari.
  4407 | D:4      | Identified the amulet "Xagonuogh" {-Tele +Rage rElec Str+2} (You took it off a gnoll on level 4 of the Dungeon)
  4718 | D:4      | Became a worshipper of Ashenzari the Shackled
  4731 | D:5      | Entered Level 5 of the Dungeon
  4931 | D:5      | Reached skill level 1 in Evocations
  5049 | D:5      | Found a basalt altar of Yredelemnul.
  5186 | D:5      | Reached skill level 5 in Axes
  5320 | D:5      | Reached * piety under Ashenzari
  5398 | D:5      | Found a blossoming altar of Fedhas.
  5537 | D:6      | Found a burning altar of Makhleb.
  5538 | D:6      | Noticed Prince Ribbit
  5542 | D:6      | Noticed Grinder
  5543 | D:6      | Paralysed by Grinder for 6 turns
  5546 | D:6      | Noticed a shadow
  5547 | D:6      | Mangled by an orc warrior

Skill      XL: |  1  2  3  4  5  6  7  8 |
---------------+-------------------------+-----
Stealth        | 1 2 3 4 5 6 |  6.7
Axes           | 2 3 4 5 |  5.1
Fighting       | 4 5 6 |  6.3
Shields        | 4 |  4.7
Armour         | 4 |  4.7
Evocations     | 1 |  1.8

Action                   |  1- 3 |  4- 6 |  7- 9 || total
-------------------------+-------+-------+-------++-------
Melee: War axe           |   109 |   229 |   306 ||   644
       Spear             |       |       |    39 ||    39
Invok: Curse Item        |       |       |     3 ||     3
Evoke: Wand              |       |     1 |       ||     1
  Use: Scroll            |       |     6 |     7 ||    13
       Potion            |       |     1 |     2 ||     3
 Stab: Sleeping          |       |     1 |     1 ||     2
  Eat: Chunk             |       |     5 |     5 ||    10
       Ration            |       |       |     3 ||     3
Armor: Scale mail        |    76 |   151 |   156 ||   383
Dodge: Dodged            |    27 |    77 |    92 ||   196
Block: Shield            |    63 |   130 |   208 ||   401
       Reflection        |       |       |     3 ||     3
